 Dungeon Crawl Stone Soup version 0.23.2-11-gf996548c65 (webtiles) character file.

Game seed: 17265727962593295147

15382 jelly the Martial Artist (level 12, -10/92 HPs)
             Began as an Octopode Transmuter on June 5, 2019.
             Was a High Priest of Okawaru.
             Mangled by a spiny frog (22 damage)
             ... on level 3 of the Lair of Beasts.
             The game lasted 00:59:54 (18579 turns).

jelly the Martial Artist (Octopode Transmuter)     Turns: 18579, Time: 00:59:54

Health: -10/92     AC:  7    Str: 12    XL:     12   Next: 26%
Magic:  21/29      EV: 18    Int: 16    God:    Okawaru [*****.]
Gold:   760        SH:  0    Dex: 22    Spells: 12/22 levels left

rFire    x . .     SeeInvis .     - Unarmed
rCold    + + +     Gourm    .   (shield currently unavailable)
rNeg     . . .     Faith    .   (helmet currently unavailable)
rPois    +         Spirit   .   k - amulet of the acrobat
rElec    .         Reflect  .   f - +5 ring of dexterity
rCorr    .         Harm     .   d - ring of stealth
MR       +....                  r - ring of stealth
Stlth    ++++++....             y - ring of protection from magic
HPRegen  0.25/turn              G - +3 ring of strength
MPRegen  0.21/turn              h - ring of magical power
                                R - ring of poison resistance
                                (no ring)

@: ice-form, heroism, finesse
A: large, almost no armour, stealthy swim, amphibious, 8 rings, (constrict 8)
a: End Transformation, Heroism, Finesse, Renounce Religion


You were on level 3 of the Lair of Beasts.
You worshipped Okawaru.
Okawaru was extremely pleased with you.
You were not hungry.
You were a creature of crystalline ice.
You visited 3 branches of the dungeon, and saw 16 of its levels.
You also visited: Ossuary.

You collected 812 gold pieces.
You spent 52 gold pieces at shops.

Inventory:

Missiles
 a - 189 arrows
 x - 4 throwing nets (quivered)
 K - 7 javelins
Armour
 i - a +1 buckler
 F - a +2 hat of see invisible
 M - a +2 shield of poison resistance
Magical Staves
 Q - an uncursed staff of energy {unknown}
Jewellery
 d - a ring of stealth (right front paw)
 f - a +5 ring of dexterity (left front paw)
 h - a ring of magical power (on tentacle)
 k - an amulet of the acrobat (around neck)
 r - a ring of stealth (on tentacle)
 t - an uncursed amulet of rage
 y - a ring of protection from magic (on tentacle)
 D - a +3 amulet of reflection
 G - a +3 ring of strength (on tentacle)
 R - a ring of poison resistance (on tentacle)
Wands
 o - a wand of polymorph (6)
 E - a wand of enslavement (14)
Scrolls
 b - 3 scrolls of teleportation
 e - 4 scrolls of immolation
 j - a scroll of blinking
 l - 13 scrolls of remove curse
 q - a scroll of enchant armour
 u - 2 scrolls of noise
 w - 3 scrolls of fear
 B - 4 scrolls of enchant weapon
 H - a scroll of fog {unknown}
 I - 2 scrolls of amnesia
 O - a scroll of magic mapping
Potions
 g - 3 potions of degeneration
 m - 2 potions of invisibility
 n - a potion of agility
 p - a potion of brilliance
 s - a potion of berserk rage
 v - 5 potions of lignification
 z - 3 potions of might
 A - a potion of flight
 C - a potion of ambrosia {unknown}
 J - a potion of mutation {unknown}
 L - a potion of magic {unknown}
 N - a potion of curing
 P - a potion of resistance {unknown}
Miscellaneous
 S - a lightning rod (4/4)
Comestibles
 c - 18 rations


   Skills:
 * Level 5.3(10.3) Fighting
 + Level 4.5(9.5) Dodging
 - Level 3.9(8.9) Stealth
 + Level 11.1(16.1) Unarmed Combat
 + Level 5.5 Spellcasting
 + Level 8.4 Transmutations
 - Level 7.4 Ice Magic
 - Level 4.5 Poison Magic
 - Level 6.1 Invocations
 - Level 4.2 Evocations


You had 12 spell levels left.
You knew the following spells:

 Your Spells              Type           Power        Failure   Level  Hunger
a - Beastly Appendage     Tmut           ####..       1%          1    None
b - Sticks to Snakes      Tmut           ####....     1%          2    #......
c - Spider Form           Tmut/Pois      ####......   3%          3    ###....
d - Ice Form              Ice/Tmut       ####....     5%          4    ####...

Your spell library contained the following spells:

 Spells                   Type           Power        Failure   Level  Hunger
 Blade Hands              Tmut           ####......   13%         5    ######.
 Summon Small Mammal      Summ           #...         14%         1    None
 Call Imp                 Summ           #.......     22%         2    #......
 Summon Ice Beast         Ice/Summ       ###.....     30%         4    ####...
 Call Canine Familiar     Summ           #.......     41%         3    ###....
 Summon Guardian Golem    Hex/Summ       #.......     41%         3    ###....
 Summon Lightning Spire   Summ/Air       #.......     82%         4    ####...


Dungeon Overview and Level Annotations

Branches:
Dungeon (12/15)            Temple (1/1) D:4            Lair (3/6) D:10
 Shoals (0/4) Lair:3        Snake (0/4) Lair:2          Orc (0/2) D:11

Altars:
Ashenzari
Dithmenos
Gozag
Kikubaaqudgha
Makhleb
Nemelex Xobeh
Okawaru
Qazlal
Ru
Sif Muna
Trog
Vehumet
Xom
Zin
The Shining One

Shops:
D:6 *   D:7 [   D:9 *   D:12 ?

Annotations:
D:3 2 transporters, pTCGFNYNwU3Fd6TS's ghost, amateur TrBe
D:8 Harold
Lair:1 3 runed translucent doors, DKeggars's ghost, journeyman DsFi; hitsuchi's ghost, journeyman GrEE


Innate Abilities, Weirdness & Mutations

You cannot wear most types of armour.
You are very stealthy in the water. (Stealth+)
You are amphibious.
You can wear up to eight rings at the same time.
((You can use your tentacles to constrict eight enemies at once.))
((Your skin changes colour to match your surroundings (Stealth+).))
((Your rubbery body absorbs attacks. (AC +1, EV +1)))


Message History

You closely miss the merfolk.
The merfolk is severely wounded.
Your surroundings suddenly seem different.
Found a triple crossbow.
A spiny frog comes into view.
You are too injured to fight recklessly!
You are too injured to fight recklessly!
A porcupine comes into view.
The spiny frog gives a loud, deep croak!
The spiny frog stings you!!
* * * LOW HITPOINT WARNING * * *
The spiny frog completely misses you.
You punch the spiny frog! You freeze the spiny frog.
The spiny frog is heavily wounded.
You closely miss the spiny frog.
The spiny frog is heavily wounded.
You punch the spiny frog! You freeze the spiny frog.
The spiny frog is almost dead.
The spiny frog stings you!!
You die...

...# ### #..##
#r..####.##....#
#.....#........##
#.....#........#
#.............##
###............##
##............#
###.........##
#...YF.....#
#.........##
##).......#
##......##
##....## ##...#
.### ##


You could see a spiny frog.

Vanquished Creatures
  A two-headed ogre (D:11)
  Urug (D:10)
  2 manticores
  Maurice (D:8)
  3 spiny frogs
  A komodo dragon (Lair:2)
  A troll (D:11)
  2 hornets
  5 blink frogs (Lair:1)
  5 hippogriffs
  2 wyverns (D:11)
  12 yaks
  A vampire (D:9)
  Grum (D:8)
  Eustachio (D:6)
  Menkaure (D:6)
  2 nagas (Lair:2)
  5 water moccasins
  A porcupine (Lair:1)
  4 ice beasts
  2 black bears
  5 orc warriors
  2 sky beasts
  An eye of draining (D:10)
  3 ogres
  A phantom (D:7)
  7 crocodiles
  3 wolves (D:8)
  5 centaurs
  A big kobold (D:7)
  13 bullfrogs
  2 gnoll sergeants (D:6)
  A wyvern skeleton (D:11)
  A scorpion (D:8)
  14 killer bees (D:10)
  3 wights (D:12)
  2 howler monkeys (D:10)
  A crimson imp (D:5)
  2 bullfrog zombies
  5 hounds
  2 jellies
  4 orc priests
  2 quasits (D:9)
  A centaur skeleton (D:4)
  5 orc wizards
  A bullfrog skeleton (D:6)
  5 iguanas
  5 worker ants
  A hound zombie (D:9)
  A mummy (Ossuary)
  A worker ant zombie (D:6)
  7 gnolls
  15 adders
  6 shadow imps
  2 oozes
  3 adder skeletons
  A worm (D:2)
  5 dart slugs
  6 leopard geckos
  35 orcs
  2 ball pythons
  6 giant cockroaches
  9 goblins
  8 hobgoblins
  13 jackals
  10 kobolds
  7 quokkas
  3 bats
  3 frilled lizards
  6 gnoll skeletons (Ossuary)
  8 kobold skeletons (Ossuary)
  10 orc skeletons (Ossuary)
  7 rats
326 creatures vanquished.

Vanquished Creatures (collateral kills)
  A gnoll sergeant (D:6)
  A scorpion (D:4)
  A hound (D:8)
  A worker ant (D:8)
  3 adders
  A leopard gecko (D:6)
  A gnoll skeleton (Ossuary)
9 creatures vanquished.

Grand Total: 335 creatures vanquished

Notes
Turn   | Place    | Note
-------+----------+-------------------------------------------
     0 | D:1      | jelly the Octopode Transmuter began the quest for the Orb.
     0 | D:1      | Reached XP level 1. HP: 13/13 MP: 3/3
    55 | D:1      | Reached XP level 2. HP: 18/18 MP: 5/5
    59 | D:1      | Learned a level 2 spell: Sticks to Snakes
   872 | D:2      | Reached skill level 1 in Stealth
   872 | D:2      | Reached XP level 3. HP: 11/23 MP: 3/6
  1179 | D:2      | Found a shimmering altar of Xom.
  1347 | D:2      | Learned a level 3 spell: Spider Form
  1479 | D:2      | Reached XP level 4. HP: 28/28 MP: 5/7
  1720 | D:2      | Reached skill level 4 in Unarmed Combat
  2533 | D:3      | Found a transporter.
  2578 | D:3      | Reached skill level 1 in Poison Magic
  2688 | D:3      | Found a transporter.
  2693 | D:3      | Noticed pTCGFNYNwU3Fd6TS's ghost (amateur TrBe)
  3070 | D:3      | Reached XP level 5. HP: 19/33 MP: 5/8
  3910 | D:3      | Noticed a hippogriff
  3948 | D:3      | Killed a hippogriff
  3948 | D:3      | Reached XP level 6. HP: 18/38 MP: 10/10
  4839 | D:4      | Found a staircase to the Ecumenical Temple.
  4854 | Temple   | Entered the Ecumenical Temple
  4862 | Temple   | Became a worshipper of Warmaster Okawaru
  4886 | D:4      | Reached XP level 7. HP: 42/43 MP: 6/11
  4977 | D:4      | Reached skill level 5 in Unarmed Combat
  5520 | D:4      | Learned a level 4 spell: Ice Form
  5554 | D:5      | Entered Level 5 of the Dungeon
  5626 | D:5      | Found an opulent altar of Gozag.
  5774 | D:5      | Found a sand-covered staircase.
  5781 | Ossuary  | Entered an ossuary
  5781 | Ossuary  | Noticed a wraith
  5781 | Ossuary  | Noticed a wraith
  5781 | Ossuary  | Noticed a wraith
  6091 | Ossuary  | Noticed a wraith
  6397 | D:5      | Found a sparkling altar of Nemelex Xobeh.
  6488 | D:5      | Reached * piety under Okawaru
  6488 | D:5      | Reached skill level 1 in Ice Magic
  6488 | D:5      | Reached skill level 1 in Evocations
  7246 | D:5      | Reached XP level 8. HP: 42/48 MP: 10/13
  7625 | D:6      | Reached skill level 6 in Unarmed Combat
  7841 | D:6      | Noticed Eustachio
  7858 | D:6      | Killed Eustachio
  7858 | D:6      | Reached ** piety under Okawaru
  8124 | D:6      | Noticed Menkaure
  8431 | D:6      | Killed Menkaure
  8637 | D:6      | Found Zin's Purification Station.
  8639 | D:6      | Found a glowing silver altar of Zin.
  8800 | D:6      | Reached XP level 9. HP: 46/54 MP: 10/14
  8949 | D:7      | Reached skill level 1 in Invocations
  9206 | D:7      | Found a shattered altar of Ashenzari.
  9504 | D:7      | Reached skill level 7 in Unarmed Combat
  9530 | D:7      | Reached *** piety under Okawaru
  9775 | D:7      | Found a shadowy altar of Dithmenos.
 10089 | D:7      | Found Azacoiw's Armour Shoppe.
 10133 | D:8      | Noticed Harold
 10212 | D:8      | Noticed Maurice
 10245 | D:8      | Killed Maurice
 10325 | D:8      | Reached skill level 5 in Transmutations
 10393 | D:8      | Reached skill level 8 in Unarmed Combat
 10468 | D:8      | Reached **** piety under Okawaru
 10604 | D:8      | Reached XP level 10. HP: 60/63 MP: 11/16
 10612 | D:8      | Noticed Grum
 10640 | D:8      | Killed Grum
 11317 | D:9      | Found Guhobuic's Lightly-Used Armoury.
 11443 | D:9      | Found a sacrificial altar of Ru.
 12242 | D:9      | Reached skill level 9 in Unarmed Combat
 12340 | D:10     | Entered Level 10 of the Dungeon
 12419 | D:10     | Reached skill level 5 in Ice Magic
 12428 | D:10     | Found a staircase to the Lair.
 12717 | D:10     | Noticed Urug
 12728 | D:10     | Killed Urug
 12728 | D:10     | Reached skill level 5 in Invocations
 12728 | D:10     | Reached XP level 11. HP: 70/70 MP: 11/18
 12770 | D:10     | Reached skill level 5 in Fighting
 13220 | D:10     | Paralysed by a hornet for 2 turns
 13959 | D:11     | Reached ***** piety under Okawaru
 13970 | D:11     | Received a gift from Okawaru
 14452 | D:11     | Noticed a two-headed ogre
 14465 | D:11     | Killed a two-headed ogre
 14501 | D:11     | Found a staircase to the Orcish Mines.
 14828 | D:11     | Noticed a manticore
 14916 | D:11     | Killed a manticore
 15607 | D:12     | Found Yskazos's Magic Scroll Emporium.
 15617 | D:12     | Bought a scroll of identify for 26 gold pieces
 15617 | D:12     | Bought a scroll of identify for 26 gold pieces
 15620 | D:12     | Noticed a manticore
 15637 | D:12     | Killed a manticore
 15637 | D:12     | Reached skill level 10 in Unarmed Combat
 15816 | D:12     | Noticed a rakshasa
 15998 | D:12     | Noticed a six-headed hydra
 16074 | D:12     | Noticed a six-headed hydra
 16301 | Lair:1   | Entered Level 1 of the Lair of Beasts
 16301 | Lair:1   | Found a runed translucent gate.
 16301 | Lair:1   | Found a runed translucent gate.
 16301 | Lair:1   | Found a runed translucent gate.
 16486 | Lair:1   | Noticed hitsuchi's ghost (journeyman GrEE)
 16486 | Lair:1   | Noticed DKeggars's ghost (journeyman DsFi)
 16533 | Lair:1   | Reached skill level 5 in Spellcasting
 16699 | Lair:1   | Found a glowing silver altar of Zin.
 16755 | Lair:1   | Reached XP level 12. HP: 65/77 MP: 19/19
 17471 | Lair:2   | Found the +7 great mace "Undeadhunter" {disrupt, rN+}
 17631 | Lair:2   | Received a gift from Okawaru
 17709 | Lair:2   | Reached skill level 11 in Unarmed Combat
 17950 | Lair:2   | Found a staircase to the Snake Pit.
 18129 | Lair:2   | Noticed a six-headed hydra
 18149 | Lair:2   | Noticed a storm dragon
 18149 | Lair:2   | a six-headed hydra changed into a storm dragon
 18554 | Lair:3   | Found a staircase to the Shoals.
 18579 | Lair:3   | Mangled by a spiny frog

Skill      XL: |  1  2  3  4  5  6  7  8  9 10 11 12 |
---------------+-------------------------------------+-----
Stealth        | 1 2 3 |  3.9
Unarmed Combat | 4 5 6 8 9 10 11 | 11.1
Poison Magic   | 1 2 3 4 |  4.5
Spellcasting   | 3 4 5 |  5.5
Transmutations | 3 4 5 6 8 |  8.4
Ice Magic      | 1 2 4 5 7 |  7.4
Evocations     | 1 4 |  4.2
Dodging        | 3 4 |  4.5
Fighting       | 3 4 5 |  5.3
Invocations    | 3 5 6 |  6.1

Action                   |  1- 3 |  4- 6 |  7- 9 | 10-12 || total
-------------------------+-------+-------+-------+-------++-------
Melee: Unarmed           |    71 |   120 |   353 |   428 ||   972
       Constrict         |    22 |    24 |    53 |    14 ||   113
       Kick              |    12 |    16 |    42 |    18 ||    88
       Punch             |     2 |     1 |     3 |     9 ||    15
       Tentacles         |    11 |    22 |    47 |    13 ||    93
 Cast: Beastly Appendage |    10 |     8 |    27 |    15 ||    60
       Sticks to Snakes  |     1 |    13 |    15 |     9 ||    38
       Spider Form       |       |     2 |    12 |     9 ||    23
       Ice Form          |       |       |     2 |    28 ||    30
Invok: Heroism           |       |       |       |    13 ||    13
       Finesse           |       |       |       |     1 ||     1
 Abil: Evoke Berserk Rag |       |       |     1 |       ||     1
Evoke: Wand              |       |       |       |     6 ||     6
  Use: Scroll            |       |       |     9 |    17 ||    26
       Potion            |       |       |     3 |     5 ||     8
 Stab: Sleeping          |    10 |     5 |    16 |    22 ||    53
       Distracted        |       |       |     3 |     2 ||     5
  Eat: Chunk             |     2 |     8 |    11 |    19 ||    40
       Ration            |       |     1 |     3 |     4 ||     8
Armor: Skin              |     5 |     4 |    18 |    48 ||    75
Dodge: Dodged            |    42 |    95 |   240 |   295 ||   672
